 Dungeon Crawl Stone Soup version 0.31-a0-360-gb3e1d13bf4 (webtiles) character file.

Game seed: 7759305150121819794

5804 Newt the Mimic (level 10, 0/91 HPs)
             Began as a Grey Draconian Shapeshifter on July 26, 2023.
             Was a High Priest of Okawaru.
             Shot with an arrow by a centaur (11 damage)
             ... on level 9 of the Dungeon.
             The game lasted 00:11:20 (7867 turns).

Newt the Mimic (Grey Draconian Shapeshifter)        Turns: 7867, Time: 00:11:20

Health: 0/91       AC: 17    Str: 21    XL:     10   Next: 50%
Magic:  8/10       EV: 15    Int:  9    God:    Okawaru [*****.]
Gold:   303        SH:  0    Dex: 12    Spells: 9/9 levels left

rFire   + . .        r - +5 falchion "Cagaj" {freeze, rF+}
rCold   . . .        x - orb {light}
rNeg    . . .        (body armour unavailable)
rPois   +            (helmet restricted)
rElec   .            w - +1 cloak
rCorr   +            F - +2 pair of gloves
SInv    .            (no boots)
Will    .....        l - amulet of regeneration
Stlth   +            j - ring of resist corrosion
HPRegen 1.15/turn    u - ring of poison resistance
MPRegen 0.12/turn

%: no passive effects
@: about to teleport, maw-form, heroic, marked, slowed, glowing, very slow
A: devouring maw, AC +12, amphibious, unfitting armour, cold-blooded
a: Begin Untransformation, Renounce Religion, Heroism, Finesse, Duel


You were on level 9 of the Dungeon.
You worshipped Okawaru.
Okawaru was extremely pleased with you.
You were a creature with a mouth for a stomach.
You visited 1 branch of the dungeon, and saw 9 of its levels.
You also visited: Sewer and Ossuary.

You collected 532 gold pieces.
You spent 229 gold pieces at shops.

Inventory:

Hand Weapons
 h - a +0 club
 k - the +5 woodcutter's axe
   (You took it off a gnoll on level 5 of the Dungeon)
 q - a +1 mace
 r - the +5 falchion "Cagaj" (weapon) {freeze, rF+}
   (You found it on level 2 of the Dungeon)

   rF:        It protects you from fire.
 A - a +1 falchion of holy wrath
Armour
 p - a +0 cloak
 w - a +1 cloak (worn)
 x - an orb of light (worn)
 F - a +2 pair of gloves (worn)
Jewellery
 j - a ring of resist corrosion (left hand)
 l - an amulet of regeneration (around neck)
 u - a ring of poison resistance (right hand)
 B - an amulet of magic regeneration
 H - a ring of wizardry
 L - a ring of protection from fire
Talismans
 b - a beast talisman
 y - a maw talisman
Wands
 D - a wand of light (7)
 G - a wand of flame (6)
 M - a wand of digging (6)
Scrolls
 c - 2 scrolls of blinking
 m - 2 scrolls of teleportation
 o - a scroll of fear
 s - 3 scrolls of amnesia
 z - a scroll of silence
 E - 6 scrolls of enchant armour
 K - a scroll of fog
Potions
 a - 3 potions of lignification
 d - a potion of enlightenment
 e - a potion of invisibility
 f - 11 potions of degeneration
 g - a potion of resistance
 i - 2 potions of might
 n - 3 potions of curing
 t - 2 potions of magic
 v - 3 potions of haste {unknown}
 C - 2 potions of cancellation
 I - a potion of brilliance {unknown}
 J - a potion of heal wounds


   Skills:
 - Level 9.0(14.0) Fighting
 + Level 8.3(13.3) Long Blades
 - Level 1.1(6.1) Axes
 - Level 4.0(9.0) Dodging
 - Level 3.0(8.0) Unarmed Combat
 - Level 9.0 Shapeshifting


You had 9 spell levels left.
You didn't know any spells.
Your spell library contained the following spells:

 Spells                   Type           Power      Damage    Failure   Level
 Ensorcelled Hibernation  Hex/Ice        0%         N/A       52%         2
 Passwall                 Tmut/Erth      0%         N/A       52%         2
 Swiftness                Air            0%         N/A       77%         3
 Manifold Assault         Tloc           0%         N/A       99%         4
 Dispersal                Tloc           0%         N/A       100%        6
 Disjunction              Tloc           0%         N/A       100%        8


Dungeon Overview and Level Annotations

Branches:
Dungeon (9/15)             Temple (0/1) D:6           Sewer (visited)
Ossuary (visited)
   Lair: D:8-11         Orc: D:9-12

Altars:
Cheibriados
Hepliaklqana
Kikubaaqudgha
Okawaru
Yredelemnul

Shops:
D:6 *

Annotations:
D:3 1 runed translucent door


Innate Abilities, Weirdness & Mutations

You are a creature with a mouth for a stomach.
Your midsection houses a second, enormous mouth.
Your dull iron-grey scales are very hard. (AC +12)
You are amphibious.
You cannot fit into any form of body armour.
You are cold-blooded and may be slowed by cold attacks.


Message History

You gain the combat prowess of a mighty hero.
You feel sick.
The centaur shoots an arrow.
The arrow barely misses you. The hornet misses you. The yak misses you.
The hornet stings you but does no damage.
The centaur shoots an arrow.
The arrow barely misses you.
Unknown command.
You barely miss the hornet.
Your tail-slap misses the hornet.
The hornet is severely wounded.
The hornet stings you but does no damage.
The centaur shoots an arrow.
The arrow hits you. The yak gores you!
A yak comes into view.
Unknown command.
You hit the hornet but do no damage.
You tail-slap the hornet, but do no damage.
Your bite misses the hornet.
The hornet is severely wounded.
You feel sick.
The hornet stings you but does no damage.
The centaur shoots an arrow.
The arrow hits you. The yak misses you. The hornet stings you!
* * * LOW HITPOINT WARNING * * *
You feel as though you will be slow longer.
The centaur shoots an arrow.
The arrow closely misses you.
The arrow completely misses the yak.
Unknown command.
As you read the scroll of teleportation, it crumbles to dust.
You feel strangely unstable.
You feel sick. The hornet misses you.
The centaur shoots an arrow.
The arrow hits you but does no damage. The yak barely misses you.
The hornet stings you.
* * * LOW HITPOINT WARNING * * *
Unknown command.
The yak attacks as you move away! The yak barely misses you.
You feel sick.
You are no longer poisoned.
The centaur shoots an arrow.
The arrow barely misses you. The hornet barely misses you. The yak gores you.
* * * LOW HITPOINT WARNING * * *
The yak gores you.
* * * LOW HITPOINT WARNING * * *
The centaur shoots an arrow.
The arrow hits you!
You die...

#.#########.#
#.#......##)#
#.#......##.#
############.#......##)#
...........#.#......##)#
...........#.#......##)#
...........#.#.....)##)#
.......yY..........)'...
..!....WY..#.#.....)##.#
........Y..#.####...##.#
...c.......#.# #...#..#
.........###.# #...#..#
.......... ..## #...#...
......>..###..###...#...
.........# #..##........
.........# #..##.####...
#..##.# #...


You could see 3 yaks, a hornet and a centaur.

Vanquished Creatures
  Pikel (D:5)
  The ghost of avis the Ruffian, an amateur HOMo (D:3)
  Eustachio (D:5)
  5 yaks (D:8)
  A wyvern (D:7)
  2 steam dragons
  An acid dragon (D:9)
  A water moccasin (D:5)
  2 orc warriors (D:7)
  4 sky beasts
  4 black bears
  2 ice beasts (D:7)
  4 centaurs
  2 phantoms
  A lemure (D:5)
  6 bullfrogs
  2 gnoll sergeants
  8 wights
  A crimson imp (D:6)
  A centaur zombie (Ossuary)
  4 hounds
  2 jellies
  4 human zombies (Ossuary)
  2 gnoll boudas
  3 orc priests
  An iguana (D:4)
  4 orc wizards
  4 mummies (Ossuary)
  24 gnolls
  11 adders
  2 shadow imps
  3 white imps
  3 worms
  A dart slug (D:3)
  24 orcs
  24 ball pythons
  2 bats
  14 endoplasms
  12 giant cockroaches
  3 goblins (D:1)
  4 hobgoblins
  7 jackals
  12 quokkas
  13 frilled lizards
  5 kobolds
  2 kobold zombies (Ossuary)
  An orc zombie (Ossuary)
  4 rats
245 creatures vanquished.

Notes
Turn   | Place    | Note
-------+----------+-------------------------------------------
     0 | D:1      | Newt the Draconian Shapeshifter began the quest for the
                  | Orb.
     0 | D:1      | Reached XP level 1. HP: 16/16 MP: 1/1
   111 | D:1      | Reached XP level 2. HP: 20/25 MP: 2/2
   305 | D:1      | Reached XP level 3. HP: 22/31 MP: 3/3
   773 | D:2      | Found a snail-covered altar of Cheibriados.
  1043 | D:2      | Identified the +5 falchion "Cagaj" {freeze, rF+}
  1059 | D:2      | Found a faded altar of an unknown god.
  1150 | D:3      | Found an iron altar of Okawaru.
  1153 | D:3      | Found a runed translucent door.
  1158 | D:3      | Reached XP level 4. HP: 37/38 MP: 4/4
  1162 | D:3      | Became a worshipper of Warmaster Okawaru
  1182 | D:3      | Found a glowing drain.
  1209 | Sewer    | Entered a sewer
  1522 | Sewer    | Reached XP level 5. HP: 45/45 MP: 5/5
  1682 | Sewer    | Reached skill level 5 in Shapeshifting
  1706 | Sewer    | Reached XP level 6. HP: 47/53 MP: 6/6
  2566 | D:3      | Found a runed translucent door.
  2571 | D:3      | Noticed avis's ghost (amateur HOMo)
  2679 | D:3      | Killed avis's ghost
  2679 | D:3      | Reached * piety under Okawaru
  2680 | D:3      | Reached skill level 5 in Fighting
  2979 | D:4      | Your scales start taking on a dull iron-grey colour.
  2979 | D:4      | Reached XP level 7. HP: 41/61 MP: 7/7
  3965 | D:4      | Identified the +2 pearl dragon scales of the Peach {rN+
                  | Dex+4 Stlth+}
  4132 | D:5      | Entered Level 5 of the Dungeon
  4169 | D:5      | Found an ancient bone altar of Kikubaaqudgha.
  4173 | D:5      | Noticed Eustachio
  4190 | D:5      | Killed Eustachio
  4364 | D:5      | Reached XP level 8. HP: 68/68 MP: 8/8
  4392 | D:5      | Noticed Pikel
  4405 | D:5      | Killed Pikel
  4405 | D:5      | Reached ** piety under Okawaru
  5246 | D:5      | Reached XP level 9. HP: 63/74 MP: 9/9
  5589 | D:6      | Reached *** piety under Okawaru
  5957 | D:6      | Found a staircase to the Ecumenical Temple.
  6000 | D:6      | Found Tiowuocw's Assorted Antiques.
  6020 | D:6      | Bought a pair of embroidered gloves for 202 gold pieces
  6020 | D:6      | Bought a scroll labelled PUOBAI KYSKOI for 27 gold pieces
  6321 | D:7      | Reached **** piety under Okawaru
  6400 | D:7      | Reached skill level 1 in Axes
  6434 | D:7      | Found a sand-covered staircase.
  6447 | Ossuary  | Entered an ossuary
  6656 | D:7      | Reached XP level 10. HP: 90/91 MP: 10/10
  6812 | D:7      | Reached skill level 5 in Long Blades
  7094 | D:8      | Found a basalt altar of Yredelemnul.
  7096 | D:8      | Found a hazy altar of Hepliaklqana.
  7133 | D:8      | Reached ***** piety under Okawaru
  7658 | D:9      | Received a gift from Okawaru
  7867 | D:9      | Shot with an arrow by a centaur

Illustrated notes

Levels and vault maps discovered:
D:1:      lightli_arrival_farm, layout_rooms, glass_columns_a
D:2:      layout_rooms, basic_altar, shapermc_ecumenical_altar_acropolis
D:3:      layout_basic, okawaru_gym_becter, ebering_ghost_sewer_f,
          gup_sewer_entry_glass
D:4:      layout_loops_ring
D:5:      layout_loops_corners, mainiacjoe_overflow_boulevard,
          pf_guarded_unrand_woodcutter, uniq_eustachio, uniq_pikel
D:6:      layout_rooms, minmay_temple_entry_waves, serial_shops, shop,
          dk_noncrumbling_4, minmay_fire_ice_demons
D:7:      layout_cave_pools, enter_ossuary_1
D:8:      layout_basic, mainiacjoe_overflow_catwalk_spiral
D:9:      layout_basic

Skill      XL: |  1  2  3  4  5  6  7  8  9 10 |
---------------+-------------------------------+-----
Fighting       | 2 3 4 5 9 |  9.0
Shapeshifting  | 4 5 6 8 9 |  9.0
Long Blades    | 3 4 8 |  8.3
Dodging        | 4 |  4.0
Axes           | 1 |  1.1
Unarmed Combat | |  3.0

Action                     |  1- 3 |  4- 6 |  7- 9 | 10-12 || total
---------------------------+-------+-------+-------+-------++-------
  Melee: Unarmed           |    58 |       |       |       ||    58
         Tailslap          |     9 |     7 |    47 |    27 ||    90
         Club              |    31 |       |       |       ||    31
         Falchion          |     4 |   185 |   267 |    92 ||   548
         Mace              |     2 |       |       |       ||     2
         Punch             |     1 |     1 |       |       ||     2
         Maw               |       |       |    44 |    33 ||    77
 Invoke: Heroism           |       |       |     3 |     2 ||     5
    Use: Scroll            |     2 |    10 |     9 |     3 ||    24
         Potion            |       |     1 |     1 |     1 ||     3
   Stab: Sleeping          |     1 |       |       |       ||     1
 Armour: Skin              |    36 |    72 |   136 |    47 ||   291
  Dodge: Dodged            |    63 |   138 |   250 |    72 ||   523
   Form: Maw               |       |       |     1 |       ||     1

Table legend: (Time is in decaauts)
 A = Elapsed time spent in this place.
 B = Non-inter-level travel time spent in this place.
 C = Inter-level travel time spent in this place.
 D = Time resting spent in this place.
 E = Time spent auto-exploring this place.
 F = Levels seen in this place.
 G = Mean time per level.
                   A        B        C        D        E       F      G
               +--------+--------+--------+--------+--------+-----+--------+
         Total |   8050 |   7686 |    364 |    861 |   5214 |  11 |  731.8 |
       Dungeon |   7212 |   6848 |    364 |    845 |   4754 |   9 |  801.3 |
         Sewer |    640 |    640 |      0 |     16 |    352 |   1 |  640.0 |
       Ossuary |    197 |    197 |      0 |      0 |    108 |   1 |  197.0 |
               +--------+--------+--------+--------+--------+-----+--------+

Top non-repeatable levels by time:
     D:5: 1464 daAuts
     D:3: 1282 daAuts
     D:4: 1196 daAuts
     D:6: 693 daAuts
     D:1: 687 daAuts
   Sewer: 640 daAuts
     D:8: 620 daAuts
     D:7: 508 daAuts
     D:2: 489 daAuts
     D:9: 271 daAuts
 Ossuary: 197 daAuts
